TOP OF THE 1ST |
---|
Iowa State Cyclones batting - Pitching for Duke Blue Devils : RHP Bob Robinson | Pitching: RHP Bob Robinson | | Batting: LHB Mike O'Bryan | 0-0: Ball 1-0: Foul Ball, location: 2F 1-1: SINGLE (Flyball, 89M) | Batting: RHB Carlos Santana | 0-0: Ball Mike O'Bryan steals 2nd base 1-0: Swinging Strike 1-1: Ball 2-1: SINGLE (Groundball, 5D) Mike O'Bryan to third Runner from 3rd tries for Home, SAFE, no throw | Batting: SHB Ralph Marshall | 0-0: Reached via error on a dropped throw, E1 Carlos Santana to second | Batting: LHB Alberto Paz | 0-0: Ball 1-0: Foul Ball, location: 2F 1-1: Ball 2-1: Ball 3-1: Called Strike 3-2: Base on Balls Carlos Santana to third Ralph Marshall to second | Batting: LHB Geoffrey Poole | 0-0: Ball 1-0: Foul Ball, location: 2F 1-1: Ball 2-1: Fly out, F3 (Popup, 23F) | Batting: LHB Marty Gómez | 0-0: Ball 1-0: Foul Ball, location: 2F 1-1: Ball 2-1: Fielders Choice at 2nd, 4-6 (Groundball, 4) Carlos Santana scores Ralph Marshall to third | Batting: RHB Ollie Johnson | 0-0: Foul Ball, location: 2F 0-1: Ball 1-1: Foul Ball, location: 2F 1-2: Foul Ball, location: 2F 1-2: Strikes out looking | Top of the 1st over - 2 runs, 2 hits, 1 error, 2 left on base; Iowa State 2 - Duke 0 | BOTTOM OF THE 1ST |
---|
Duke Blue Devils batting - Pitching for Iowa State Cyclones : RHP Ray Reyes | Pitching: RHP Ray Reyes | | Batting: RHB Curt Eastham | 0-0: SINGLE (Line Drive, 9) | Batting: SHB Barry Holman | 0-0: Foul Ball, location: 2F 0-1: Called Strike 0-2: Ball 1-2: Ball 2-2: Strikes out swinging | Batting: RHB Deron McClendon | 0-0: Foul Ball, location: 2F 0-1: Foul Ball, location: 2F 0-2: Ball 1-2: Foul Ball, location: 2F 1-2: Strikes out swinging | Batting: RHB John Conway | 0-0: Ball 1-0: Foul Ball, location: 2F 1-1: Ball 2-1: Swinging Strike 2-2: Ball Curt Eastham is caught stealing 2nd base | Bottom of the 1st over - 0 runs, 1 hit, 0 errors, 0 left on base; Iowa State 2 - Duke 0 | TOP OF THE 2ND |
---|
Iowa State Cyclones batting - Pitching for Duke Blue Devils : RHP Bob Robinson | Batting: LHB Dale González | 0-0: Fly out, F9 (Flyball, 89M) | Batting: LHB Jeff MacKinney | 0-0: Ball 1-0: Ball 2-0: Called Strike 2-1: Foul Ball, location: 2F 2-2: SINGLE (Flyball, 9S) | Batting: LHB Mike O'Bryan | 0-0: Called Strike 0-1: Ball 1-1: Ball 2-1: Called Strike 2-2: Foul Ball, location: 2F 2-2: Foul Ball, location: 2F 2-2: Foul Ball, location: 2F 2-2: Ball 3-2: Foul Ball, location: 2F 3-2: Fly out, F5 (Popup, 5) | Batting: RHB Carlos Santana | 0-0: Called Strike 0-1: Fly out, F9 (Flyball, 9) | Top of the 2nd over - 0 runs, 1 hit, 0 errors, 1 left on base; Iowa State 2 - Duke 0 | BOTTOM OF THE 2ND |
---|
Duke Blue Devils batting - Pitching for Iowa State Cyclones : RHP Ray Reyes | Batting: RHB John Conway | 0-0: Ball 1-0: Ball 2-0: Ball 3-0: Called Strike 3-1: Called Strike 3-2: Ground out 5-3 (Groundball, 56) | Batting: RHB Bob Ferguson | 0-0: Swinging Strike 0-1: Swinging Strike 0-2: Ball 1-2: Strikes out swinging | Batting: RHB Nick Anderson | 0-0: Ball 1-0: Ball 2-0: Ground out 1-3 (Groundball, 15) | Bottom of the 2nd over - 0 runs, 0 hits, 0 errors, 0 left on base; Iowa State 2 - Duke 0 | TOP OF THE 3RD |
---|
Iowa State Cyclones batting - Pitching for Duke Blue Devils : RHP Bob Robinson | Batting: SHB Ralph Marshall | 0-0: Called Strike 0-1: Foul Ball, location: 2F 0-2: Ground out 4-3 (Groundball, 4) | Batting: LHB Alberto Paz | 0-0: Called Strike 0-1: Ball 1-1: SINGLE (Line Drive, 89M) | Batting: LHB Geoffrey Poole | 0-0: Ball 1-0: Ball 2-0: Ball 3-0: Called Strike 3-1: Swinging Strike 3-2: Strikes out swinging Alberto Paz steals 2nd base Batter strikes out. | Batting: LHB Marty Gómez | 0-0: Ball 1-0: Swinging Strike 1-1: Foul Ball, location: 2F 1-2: SINGLE (Groundball, 34D) Alberto Paz to third Runner from 3rd tries for Home, throw and OUT! | Top of the 3rd over - 0 runs, 2 hits, 0 errors, 1 left on base; Iowa State 2 - Duke 0 | BOTTOM OF THE 3RD |
---|
Duke Blue Devils batting - Pitching for Iowa State Cyclones : RHP Ray Reyes | Batting: RHB Dillon Lewis | 0-0: Swinging Strike 0-1: Foul Ball, location: 2F 0-2: DOUBLE (Groundball, 5L) | Batting: RHB Kevin Burris | 0-0: Ball 1-0: Foul Ball, location: 2F 1-1: Swinging Strike 1-2: Ball 2-2: Strikes out swinging | Batting: LHB José Gallardo | 0-0: Ball 1-0: Ball 2-0: Ball 3-0: Called Strike 3-1: Base on Balls | Batting: RHB Curt Eastham | 0-0: Ball Wild Pitch! Dillon Lewis to third José Gallardo to second 1-0: Ball 2-0: Ball 3-0: Foul Ball, location: 2F 3-1: Foul Ball, location: 2F 3-2: Foul Ball, location: 2F 3-2: Base on Balls | Batting: SHB Barry Holman | 0-0: Ball 1-0: Swinging Strike 1-1: Swinging Strike 1-2: Ball 2-2: Strikes out swinging | Batting: RHB Deron McClendon | 0-0: Ball 1-0: Ball 2-0: Swinging Strike 2-1: Ball 3-1: Foul Ball, location: 2F 3-2: Foul Ball, location: 2F 3-2: Base on Balls Dillon Lewis scores José Gallardo to third Curt Eastham to second | Batting: RHB John Conway | 0-0: Ball 1-0: Foul Ball, location: 2F 1-1: Fly out, F6 (Popup, 6) | Bottom of the 3rd over - 1 run, 1 hit, 0 errors, 3 left on base; Iowa State 2 - Duke 1 | TOP OF THE 4TH |
---|
Iowa State Cyclones batting - Pitching for Duke Blue Devils : RHP Bob Robinson | Batting: RHB Ollie Johnson | 0-0: Ball 1-0: Ball 2-0: Ground out 6-3 (Groundball, 6) | Batting: LHB Dale González | 0-0: Called Strike 0-1: Ground out U3 (Groundball, 3) | Batting: LHB Jeff MacKinney | 0-0: Ball 1-0: Ball 2-0: SINGLE (Line Drive, 56D) | Batting: LHB Mike O'Bryan | 0-0: Ball 1-0: Swinging Strike 1-1: Foul Ball, location: 2F 1-2: Strikes out swinging | Top of the 4th over - 0 runs, 1 hit, 0 errors, 1 left on base; Iowa State 2 - Duke 1 | BOTTOM OF THE 4TH |
---|
Duke Blue Devils batting - Pitching for Iowa State Cyclones : RHP Ray Reyes | Batting: RHB Bob Ferguson | 0-0: Foul Ball, location: 2F 0-1: Ball 1-1: Foul Ball, location: 2F 1-2: Strikes out looking | Batting: RHB Nick Anderson | 0-0: Swinging Strike 0-1: Swinging Strike 0-2: Ball 1-2: Ball 2-2: Foul Ball, location: 2F 2-2: Foul Ball, location: 2F 2-2: Ball 3-2: Strikes out swinging | Batting: RHB Dillon Lewis | 0-0: Ball 1-0: Called Strike 1-1: Ball 2-1: Foul Ball, location: 2F 2-2: Ground out 3-1 (Groundball, 34) | Bottom of the 4th over - 0 runs, 0 hits, 0 errors, 0 left on base; Iowa State 2 - Duke 1 | TOP OF THE 5TH |
---|
Iowa State Cyclones batting - Pitching for Duke Blue Devils : RHP Bob Robinson | Batting: RHB Carlos Santana | 0-0: Ball 1-0: Ball 2-0: Called Strike 2-1: Ball 3-1: Called Strike 3-2: Fly out, F8 (Flyball, 8LM) | Batting: SHB Ralph Marshall | 0-0: Ball 1-0: Called Strike 1-1: Ground out 4-3 (Groundball, 4D) | Batting: LHB Alberto Paz | 0-0: Ball 1-0: Ball 2-0: Ball 3-0: Base on Balls | Pitching: RHP Jamie Arce | | Batting: LHB Geoffrey Poole | 0-0: Ball 1-0: Called Strike 1-1: Foul Ball, location: 2F 1-2: Strikes out swinging | Top of the 5th over - 0 runs, 0 hits, 0 errors, 1 left on base; Iowa State 2 - Duke 1 | BOTTOM OF THE 5TH |
---|
Duke Blue Devils batting - Pitching for Iowa State Cyclones : RHP Ray Reyes | Pitching: LHP Bob Wallace | | Batting: RHB Kevin Burris | 0-0: Ball 1-0: Ball 2-0: Foul Ball, location: 2F 2-1: SOLO HOME RUN (Flyball, 7LD), Distance : 313 ft | Batting: LHB José Gallardo | 0-0: Foul Ball, location: 2F 0-1: Swinging Strike 0-2: Ball 1-2: Foul Ball, location: 2F 1-2: Ground out 4-3 (Groundball, 4) | Batting: RHB Curt Eastham | 0-0: Ball 1-0: Called Strike 1-1: Ball 2-1: Ground out 6-3 (Groundball, 6M) | Batting: SHB Barry Holman | 0-0: Ball 1-0: Ball 2-0: Swinging Strike 2-1: DOUBLE (Line Drive, 7LD) | Batting: RHB Deron McClendon | 0-0: Called Strike 0-1: Ball 1-1: Swinging Strike 1-2: Ball 2-2: Ball 3-2: Strikes out swinging | Bottom of the 5th over - 1 run, 2 hits, 0 errors, 1 left on base; Iowa State 2 - Duke 2 | TOP OF THE 6TH |
---|
Iowa State Cyclones batting - Pitching for Duke Blue Devils : RHP Jamie Arce | Batting: LHB Marty Gómez | 0-0: Called Strike 0-1: Ball 1-1: Called Strike 1-2: SINGLE (Line Drive, 4MD) | Batting: RHB Ollie Johnson | 0-0: Ball 1-0: Ball 2-0: Swinging Strike 2-1: Ball 3-1: Base on Balls Marty Gómez to second | Batting: LHB Dale González | 0-0: Called Strike 0-1: Called Strike 0-2: Ball 1-2: Strikes out swinging | Batting: LHB Jeff MacKinney | 0-0: Ball 1-0: Grounds into double play, 4-6-3 (Groundball, 4M) | Top of the 6th over - 0 runs, 1 hit, 0 errors, 1 left on base; Iowa State 2 - Duke 2 | BOTTOM OF THE 6TH |
---|
Duke Blue Devils batting - Pitching for Iowa State Cyclones : LHP Bob Wallace | Batting: RHB John Conway | 0-0: Ball 1-0: Ball 2-0: Ball 3-0: Called Strike 3-1: Called Strike 3-2: Base on Balls | Batting: RHB Bob Ferguson | 0-0: Ball 1-0: Foul Ball, location: 2F 1-1: Swinging Strike 1-2: Ball 2-2: Foul Ball, location: 2F 2-2: Foul Ball, location: 2F 2-2: Foul Ball, location: 2F 2-2: Ball 3-2: Strikes out swinging | Batting: RHB Nick Anderson | 0-0: Ball 1-0: Foul Ball, location: 2F 1-1: Ball 2-1: Swinging Strike 2-2: Fly out, F8 (Flyball, 89D) | Batting: RHB Dillon Lewis | 0-0: Called Strike 0-1: Ball 1-1: Ball 2-1: Fly out, F6 (Popup, P) | Bottom of the 6th over - 0 runs, 0 hits, 0 errors, 1 left on base; Iowa State 2 - Duke 2 | TOP OF THE 7TH |
---|
Iowa State Cyclones batting - Pitching for Duke Blue Devils : RHP Jamie Arce | Pitching: LHP Bill Howard | | Batting: LHB Mike O'Bryan | 0-0: Ball 1-0: Ball 2-0: Ball 3-0: Called Strike 3-1: Base on Balls | Pitching: RHP Nick Cooper | | Batting: RHB Carlos Santana | 0-0: Foul Ball, location: 2F 0-1: Ball 1-1: Foul Ball, location: 2F 1-2: Ball 2-2: Fly out, F9 (Line Drive, 9) | Batting: SHB Ralph Marshall | 0-0: Ball Mike O'Bryan is caught stealing 2nd base 1-0: Ball 2-0: Ball 3-0: Base on Balls | Batting: LHB Alberto Paz | 0-0: Called Strike 0-1: Ball 1-1: Swinging Strike 1-2: Ball 2-2: Ball 3-2: SINGLE (Groundball, 4MD) Ralph Marshall to second Ralph Marshall to third | Batting: LHB Geoffrey Poole | 0-0: SINGLE (Groundball, 34D) Ralph Marshall scores Alberto Paz to second Runner from 2nd tries for 3rd, SAFE, throw made to third | Batting: LHB Marty Gómez | 0-0: Called Strike 0-1: SINGLE (Line Drive, 34D) Alberto Paz scores Geoffrey Poole to second Runner from 2nd tries for 3rd, SAFE, throw made to third | Pinch Hitting: LHB Terry Ives | 0-0: Foul Ball, location: 2F 0-1: Called Strike 0-2: Strikes out swinging | Top of the 7th over - 2 runs, 3 hits, 0 errors, 2 left on base; Iowa State 4 - Duke 2 | BOTTOM OF THE 7TH |
---|
Duke Blue Devils batting - Pitching for Iowa State Cyclones : LHP Bob Wallace | Now in CF: Jim Hall | | Batting: RHB Kevin Burris | 0-0: Called Strike 0-1: Ball 1-1: SINGLE (Line Drive, 6MD) | Batting: LHB José Gallardo | 0-0: Foul Ball, location: 2F 0-1: SINGLE (Groundball, 34D) Kevin Burris to second Runner from 2nd tries for 3rd, OUT! | Batting: RHB Curt Eastham | 0-0: Ball 1-0: Ball 2-0: Ball 3-0: Called Strike 3-1: Swinging Strike 3-2: Foul Ball, location: 2F 3-2: Base on Balls José Gallardo to second | Pitching: RHP Joe Miller | | Batting: SHB Barry Holman | 0-0: Ball 1-0: Grounds into double play, 4-6-3 (Groundball, 4) | Bottom of the 7th over - 0 runs, 2 hits, 0 errors, 1 left on base; Iowa State 4 - Duke 2 | TOP OF THE 8TH |
---|
Iowa State Cyclones batting - Pitching for Duke Blue Devils : RHP Nick Cooper | Batting: LHB Dale González | 0-0: Ball 1-0: Ball 2-0: Ball 3-0: Called Strike 3-1: Fly out, F8 (Line Drive, 8RD) | Batting: LHB Jeff MacKinney | 0-0: Foul Ball, location: 2F 0-1: Foul Ball, location: 2F 0-2: Ball 1-2: DOUBLE (Line Drive, 78D) | Batting: LHB Mike O'Bryan | 0-0: Intentional Walk | Batting: RHB Carlos Santana | 0-0: Called Strike 0-1: Swinging Strike 0-2: 3-RUN HOME RUN (Flyball, 78XD), Distance : 362 ft | Pitching: RHP James King | | Batting: SHB Ralph Marshall | 0-0: Called Strike 0-1: Swinging Strike 0-2: Strikes out swinging | Batting: LHB Alberto Paz | 0-0: Called Strike 0-1: Ball 1-1: Foul Ball, location: 2F 1-2: SINGLE (Line Drive, 78S) | Batting: LHB Geoffrey Poole | 0-0: Ball Throwing error on steal attempt, E2 Alberto Paz to third 1-0: Ground out 6-3 (Groundball, 56) | Top of the 8th over - 3 runs, 3 hits, 1 error, 1 left on base; Iowa State 7 - Duke 2 | BOTTOM OF THE 8TH |
---|
Duke Blue Devils batting - Pitching for Iowa State Cyclones : RHP Joe Miller | Batting: RHB Deron McClendon | 0-0: Ball 1-0: Ball 2-0: Ball 3-0: Base on Balls | Batting: RHB John Conway | 0-0: Ball 1-0: Ball 2-0: Ball 3-0: Called Strike 3-1: SINGLE (Flyball, 8LS) Deron McClendon to second | Batting: RHB Bob Ferguson | 0-0: Ball 1-0: Called Strike 1-1: Foul Ball, location: 2F 1-2: Foul Ball, location: 2F 1-2: Ball 2-2: Ball 3-2: Fly out, F8 (Flyball, 8RD) | Batting: RHB Nick Anderson | 0-0: Ball 1-0: SINGLE (Groundball, 34S) (infield hit) Deron McClendon to third John Conway to second | Batting: RHB Dillon Lewis | 0-0: Ball 1-0: Swinging Strike 1-1: Called Strike 1-2: Strikes out looking | Batting: RHB Kevin Burris | 0-0: Called Strike 0-1: Swinging Strike 0-2: Ground out 6-3 (Groundball, 56) | Bottom of the 8th over - 0 runs, 2 hits, 0 errors, 3 left on base; Iowa State 7 - Duke 2 | TOP OF THE 9TH |
---|
Iowa State Cyclones batting - Pitching for Duke Blue Devils : RHP James King | Pitching: RHP Edward Rush | | Batting: LHB Marty Gómez | 0-0: Ball 1-0: Ball 2-0: Called Strike 2-1: SINGLE (Groundball, 4MD) | Batting: RHB Jim Hall | 0-0: Called Strike 0-1: Called Strike 0-2: Foul Ball, location: 2F 0-2: Fly out, F8 (Flyball, 8RM) | Batting: LHB Dale González | 0-0: Ball 1-0: Called Strike Marty Gómez steals 2nd base 1-1: SINGLE (Line Drive, 56) Marty Gómez to third Runner from 3rd tries for Home, SAFE, no throw | Batting: LHB Jeff MacKinney | 0-0: Called Strike 0-1: Swinging Strike 0-2: Ball 1-2: Strikes out swinging | Batting: LHB Mike O'Bryan | 0-0: Called Strike 0-1: Ground out 4-3 (Groundball, 4) | Top of the 9th over - 1 run, 2 hits, 0 errors, 1 left on base; Iowa State 8 - Duke 2 | BOTTOM OF THE 9TH |
---|
Duke Blue Devils batting - Pitching for Iowa State Cyclones : RHP Joe Miller | Batting: LHB José Gallardo | 0-0: Called Strike 0-1: Ball 1-1: Ball 2-1: SINGLE (Groundball, 34D) | Batting: RHB Curt Eastham | 0-0: Ball 1-0: SINGLE (Line Drive, 6D) José Gallardo to second | Batting: SHB Barry Holman | 0-0: Ball 1-0: Foul Ball, location: 2F 1-1: Foul Ball, location: 2F 1-2: 3-RUN HOME RUN (Flyball, 9D), Distance : 363 ft | Pitching: RHP Tom Thomas | | Batting: RHB Deron McClendon | 0-0: Ball 1-0: Ball 2-0: Ball 3-0: Base on Balls | Batting: RHB John Conway | 0-0: Called Strike 0-1: Ball 1-1: Foul Ball, location: 2F 1-2: Foul Ball, location: 2F 1-2: Ball 2-2: Foul Ball, location: 2F 2-2: SINGLE (Flyball, 9S) Deron McClendon to second | Batting: RHB Bob Ferguson | 0-0: Ball 1-0: Ball 2-0: Called Strike 2-1: Ball 3-1: Base on Balls Deron McClendon to third John Conway to second | Batting: RHB Nick Anderson | 0-0: Ball 1-0: Fly out, F4 (Line Drive, 4) | Batting: RHB Dillon Lewis | 0-0: Fly out, F6 (Popup, 6) | Batting: RHB Kevin Burris | 0-0: Fly out, F8 (Flyball, 8LD) | Bottom of the 9th over - 3 runs, 4 hits, 0 errors, 3 left on base; Iowa State 8 - Duke 5 | |